 Dungeon Crawl Stone Soup version 0.28-a0-529-g3bad584f25 (webtiles) character file.

Game seed: 9092347563886977517

233 sanka the Unweaver (level 5, -1/43 HPs)
             Began as a Palentonga Abyssal Knight on Sept 24, 2021.
             Was a Follower of Lugonu.
             Slain by an adder (3 damage)
             ... on level 3 of the Dungeon.
             The game lasted 00:05:26 (4436 turns).

sanka the Unweaver (Palentonga Abyssal Knight)      Turns: 4436, Time: 00:05:27

Health: -1/43      AC:  5    Str: 17    XL:     5   Next: 75%
Magic:  9/9        EV:  9    Int: 11    God:    Lugonu [*.....]
Gold:   81         SH:  0    Dex: 10    Spells: 4/4 levels left

rFire   . . .      SeeInvis +   a - +1 hand axe
rCold   . . .      Faith    .   (no shield)
rNeg    + . .      Spirit   .   b - +0 leather armour
rPois   .          Reflect  .   (no helmet)
rElec   .          Harm     .   l - +0 cloak
rCorr   .          Rampage  .   (no gloves)
Will    .....                   (no barding)
Stlth   +.........              (no amulet)
HPRegen 0.14/turn               (no ring)
MPRegen 0.11/turn               j - ring of positive energy

@: lethally poisoned (-1 -> -7), attractive
A: large, rugged brown scales 3, see invisible, deformed body, roll 1, armoured
tail
a: Rolling Charge, Renounce Religion, Depart the Abyss


You were on level 3 of the Dungeon.
You worshipped Lugonu.
Lugonu was aware of your devotion.
You visited 1 branch of the dungeon, and saw 3 of its levels.
You visited the Abyss 1 time.

You collected 81 gold pieces.


Innate Abilities, Weirdness & Mutations

You are completely covered in rugged brown scales. (AC +3, +7% HP)
You have supernaturally acute eyesight. (SInv)
Armour fits poorly on your strangely shaped body.
You can roll at nearby foes to attack.
You have a long armoured tail.


   Skills:
 - Level 3.0 Fighting
 - Level 2.0 Axes
 - Level 1.5 Armour
 - Level 0.7 Dodging
 + Level 6.6 Invocations


You had 4 spell levels left.
You didn't know any spells.
Your spell library was empty.

Inventory:

Hand Weapons
 a - a +1 hand axe (weapon)
 m - a +3 quarterstaff of chaos
Missiles
 g - 5 curare-tipped darts {=f}
Armour
 b - a +0 leather armour (worn)
 l - a +0 cloak (worn)
Jewellery
 j - a ring of positive energy (right hand)
Scrolls
 d - a scroll of blinking {unknown}
 h - 3 scrolls of enchant weapon {unknown}
 n - a scroll of noise {unknown}
Potions
 c - a potion of magic {unknown}
 e - a potion of might {unknown}
 f - a potion of attraction {!q}
 i - a potion of haste {unknown}
 k - a potion of curing {unknown}

Dungeon Overview and Level Annotations

Branches:
Dungeon (3/15)

Altars:

Shops:
D:1 =   D:2 !

Annotations:
D:3 Grinder

......
▒.........▒▒..........
......▒
▒▒▒+▒▒▒....▒.........▒
......+ ▒.▒▒.▒...(....
▒.▒▒)▒........
▒.▒▒.▒........
▒............. .
▒...........▒▒
....▒▒▒...........▒
......SH..........▒
......†▒.........▒▒
.......▒...^.....▒
.......▒.........▒
.......▒.........▒
...>...▒........(▒
.......▒▒▒▒▒▒▒▒▒▒
.......


You could see an adder.


Message History

The adder is heavily wounded.
You feel sick.
You are no longer poisoned.
The adder barely misses you. The adder barely misses you.
You hit the adder.
Your tail-slap misses the adder.
The adder is almost dead.
The adder bites you but does no damage.
You miss the adder.
The adder is almost dead.
The adder misses you. The adder bites you.
* * * LOW HITPOINT WARNING * * *
You are poisoned.
The adder poisons you!
Okay, then.
You miss the adder.
The adder is almost dead.
You feel sick. The adder bites you.
* * * LOW HITPOINT WARNING * * *
You are lethally poisoned!
The adder poisons you!
It was a potion of attraction.
You feel attractive to monsters.
* * * LOW HITPOINT WARNING * * *
You feel sick. The adder bites you.
You die...

Action                   |  1- 3 |  4- 6 || total
-------------------------+-------+-------++-------
Melee: Hand axe          |   106 |    59 ||   165
       Tailslap          |    10 |     1 ||    11
Throw: Dart              |     2 |     1 ||     3
Invok: Depart the Abyss  |     1 |       ||     1
 Abil: Rolling Charge    |     3 |     4 ||     7
  Use: Potion            |       |     1 ||     1
Armor: Leather armour    |    37 |    26 ||    63
Dodge: Dodged            |    41 |    30 ||    71

Levels and vault maps discovered:
D:1:      shiori_shiawase, layout_basic, serial_shops, shop_statue,
          lemuel_flame_loot_1
D:2:      layout_basic, serial_shops, nicolae_square_shop,
          minmay_misc_feat_four_crosses, uniq_crazy_yiuf_cottage
D:3:      layout_basic, tso_altar, uniq_grinder

Notes
Turn   | Place    | Note
-------+----------+-------------------------------------------
     0 | Abyss:1  | sanka the Palentonga Abyssal Knight began the quest for the
                  | Orb.
     0 | Abyss:1  | Reached XP level 1. HP: 19/19 MP: 2/2
    56 | Abyss:1  | Noticed an iron imp
    57 | D:1      | Escaped the Abyss
   284 | D:1      | Reached XP level 2. HP: 25/25 MP: 4/4
   293 | D:1      | Reached skill level 3 in Invocations
   546 | D:1      | Found Mofrysed's Jewellery Boutique.
   567 | D:1      | Reached * piety under Lugonu
  1266 | D:2      | Reached skill level 4 in Invocations
  1266 | D:2      | Reached XP level 3. HP: 31/31 MP: 4/6
  1863 | D:2      | Noticed an ogre
  2079 | D:2      | Found a runed translucent door.
  2080 | D:2      | Noticed Crazy Yiuf
  2338 | D:2      | Found Vaismunt's Distillery.
  2554 | D:2      | Killed Crazy Yiuf
  2555 | D:2      | Reached skill level 5 in Invocations
  2555 | D:2      | Reached XP level 4. HP: 37/37 MP: 7/7
  2948 | D:2      | Found Vaismunt's Distillery.
  3388 | D:2      | Killed an ogre
  3389 | D:2      | Reached skill level 6 in Invocations
  3389 | D:2      | Reached XP level 5. HP: 20/43 MP: 7/9
  3678 | D:3      | Noticed Grinder
  3694 | D:3      | Paralysed by Grinder for 5 turns
  3701 | D:3      | Paralysed by Grinder for 2 turns
  3720 | D:3      | Paralysed by Grinder for 4 turns
  4015 | D:3      | HP: 1/43 [orc priest/divine providence (14)]
  4435 | D:3      | HP: 4/43 [adder (1)]
  4436 | D:3      | Slain by an adder

Vanquished Creatures
  An ogre (D:2)
  An orc priest (D:3)
  Crazy Yiuf (D:2)
  3 adders
  A worm (D:2)
  5 orcs (D:3)
  8 bats
  5 endoplasms
  A giant cockroach (D:1)
  6 hobgoblins (D:1)
  2 jackals (D:2)
  A quokka (D:1)
  9 ball pythons
  6 frilled lizards
  A goblin (D:2)
  4 kobolds
  6 rats
61 creatures vanquished.
